 Dungeon Crawl Stone Soup version 0.19.0-18-g426998a (webtiles) character file.

68 Chiseanne the Chucker (level 4, -1/35 HPs)
             Began as a Demonspawn Hunter on Nov 11, 2016.
             Slain by a gnoll
             ... wielding a cursed +0 spear
              (7 damage)
             ... on level 2 of the Dungeon.
             The game lasted 00:02:52 (1417 turns).

Chiseanne the Chucker (Demonspawn Hunter)           Turns: 1417, Time: 00:02:54

Health: -1/35      AC:  3    Str: 12 (13) XL:     4   Next: 1%
Magic:  0/6        EV: 12    Int:  9 (12) God:
Gold:   77         SH:  0    Dex: 11 (14) Spells: 0 memorised, 5 levels left

rFire  . . .     SeeInvis .     a - +1 spear (venom)
rCold  . . .     Gourm    .     b - +0 leather armour
rNeg   . . .     Faith    .     (no shield)
rPois  .         Spirit   +     (no helmet)
rElec  .         Reflect  .     (no cloak)
rCorr  .         Harm     .     (no gloves)
MR     .....                    (no boots)
Stlth  +.........               (no amulet)
                                (no ring)
                                (no ring)

@: no status effects
A: magic shield, magic regeneration
a: no special abilities


You were on level 2 of the Dungeon.
You were hungry.

You visited 1 branch of the dungeon, and saw 2 of its levels.

You collected 77 gold pieces.

Inventory:

Hand Weapons
 a - a +1 spear of venom (weapon)
Missiles
 c - 6 javelins (quivered)
 p - 10 arrows
 t - 17 stones
Armour
 b - a +0 leather armour (worn)
Jewellery
 k - an uncursed ring of resist corrosion {unknown}
 n - an uncursed ring of wizardry {unknown}
 o - an uncursed ring of protection from fire {unknown}
Scrolls
 e - 2 scrolls of enchant weapon {unknown}
 i - 2 scrolls of identify {unknown}
 j - a scroll of enchant armour {unknown}
 r - a scroll of amnesia {unknown}
 s - a scroll of noise {unknown}
 u - a scroll of fog {unknown}
Potions
 l - 2 potions of degeneration
 m - a potion of cancellation
 v - a potion of resistance {unknown}
Comestibles
 f - 2 bread rations
 g - a beef jerky
 h - 6 fruits


   Skills:
 * Level 3.0 Fighting
 - Level 3.7 Throwing
 * Level 2.5 Dodging
 - Level 0.8 Stealth
 * Level 1.4 Spellcasting


You had 5 spell levels left.
You didn't know any spells.

Dungeon Overview and Level Annotations

Branches:
Dungeon (2/15)

Altars:


Innate Abilities, Weirdness & Mutations

When hurt, damage is shared between your health and your magic reserves.
You regenerate magic rapidly.


Message History

Attack whom?
Press: ? - help, Dir - move target cursor, f/p - gnoll
Aim: a gnoll, wielding a spear (moderately wounded)
You reach to attack!
You completely miss the gnoll.
The gnoll is moderately wounded.
The gnoll barely misses you.
Evoke which item? (* to show all) (? for menu, Esc to quit)
Attack whom?
Press: ? - help, Dir - move target cursor, f/p - gnoll
Aim: a gnoll, wielding a spear (moderately wounded)
You reach to attack!
You barely miss the gnoll.
The gnoll is moderately wounded.
The gnoll hits you from afar with a spear.
* * * LOW HITPOINT WARNING * * *
The gnoll hits you with a spear.
* * * LOW HITPOINT WARNING * * *
You closely miss the gnoll.
The gnoll is moderately wounded.
The gnoll hits you with a spear!
You die...

. #.## #....##
#.....)##########.#.
#.....g........
........####@######
##.#.#.#####.#####
...............#
###.........###.#
#..######## #.# #..
#.# ... #.# #.# #.#


You could see a gnoll.

Vanquished Creatures
  Jessica (D:2)
  A gnoll (D:1)
  2 dart slugs (D:1)
  5 bats
  A giant cockroach (D:2)
  6 goblins (D:1)
  A hobgoblin (D:2)
  A jackal (D:2)
  2 frilled lizards
  5 kobolds
  5 rats (D:1)
30 creatures vanquished.

Notes
Turn   | Place    | Note
-------+----------+-------------------------------------------
     0 | D:1      | Chiseanne the Demonspawn Hunter began the quest for the Orb.
     0 | D:1      | Reached XP level 1. HP: 16/16 MP: 1/1
   226 | D:1      | Gained mutation: When hurt, damage is shared between your health and your magic reserves. [demonic ancestry]
   226 | D:1      | Reached XP level 2. HP: 19/22 MP: 2/2
   788 | D:1      | Gained mutation: You regenerate magic rapidly. [demonic ancestry]
   788 | D:1      | Reached XP level 3. HP: 17/28 MP: 1/4
   791 | D:1      | Reached skill level 1 in Spellcasting
  1387 | D:2      | Noticed Jessica
  1403 | D:2      | Killed Jessica
  1403 | D:2      | Reached XP level 4. HP: 7/35 MP: 0/6
  1417 | D:2      | Slain by a gnoll

Skill      XL: |  1  2  3 |
---------------+----------+-----
Dodging        | 2 |  2.5
Spellcasting   | 1 |  1.4
Fighting       | 3 |  3.0
Throwing       | |  3.7
Stealth        | |  0.8

Action                   |  1- 3 |  4- 6 || total
-------------------------+-------+-------++-------
Melee: Short sword       |    76 |       ||    76
       Spear             |    22 |     4 ||    26
Throw: Throwing net      |     3 |       ||     3
       Javelin           |     1 |       ||     1
  Use: Potion            |       |     3 ||     3
 Stab: Sleeping          |     2 |       ||     2
       Held in net/web   |     1 |       ||     1
  Eat: Chunk             |     1 |       ||     1
Armor: Leather armour    |    22 |       ||    22
Dodge: Dodged            |    74 |     1 ||    75
